Map: 世界主宰-天梯版

Players

iGMacSed (MacSed)

  • Race: Protoss Protoss
  • League: Grandmaster

CoffeeMs (Coffee) - Winner!

  • Race: Terran Terran
  • League: Master

Event: DreamHack SC2 Masters 2021 Fall

VOD

Have the link to the VOD?

Description

Time

  • Played on: Aug. 7, 2021, 8:06 a.m.
  • Length: 7:24

All games in this series

Show
View Real Time Build Order
Export as new Build Order

iGMacSed Protoss 

Build Orders: 1 Gate Expand, Phoenix Opening 

Get SALT Encoding   

  12  0:00  Probe  
  13  0:12  Probe  
  14  0:17  Pylon  
  14  0:24  Probe (Chrono Boost)  
  15  0:36  Probe (Chrono Boost)  
  15  0:37  Gateway  
  16  0:44  Probe (Chrono Boost)  
  16  0:46  Assimilator  
  17  0:50  Probe  
  18  1:03  Probe  
  19  1:15  Probe  
  20  1:25  Cybernetics Core  
  20  1:34  Nexus  
  20  1:42  Pylon  
  20  1:44  Probe  
  21  1:53  Assimilator  
  21  1:56  Probe  
  21  1:58  Adept (Chrono Boost)  
  24  2:08  Probe  
  25  2:20  Probe  
  25  2:21  Stargate  
  26  2:29  Warp Gate  
  26  2:33  Probe  
  26  2:34  Adept  
  29  2:45  Probe (Chrono Boost)  
  29  2:49  Probe (Chrono Boost)  
  31  2:55  Probe (Chrono Boost)  
  31  2:58  Probe (Chrono Boost)  
  33  2:59  Gateway  
  33  3:02  Probe x2 (Chrono Boost)  
  35  3:07  Phoenix (Chrono Boost)  
  35  3:11  Probe  
  38  3:14  Probe  
  39  3:23  Probe  
  39  3:24  Phoenix (Chrono Boost)  
  42  3:27  Probe  
  42  3:31  Pylon  
  43  3:35  Probe  
  43  3:38  Robotics Facility  
  43  3:39  Probe  
  45  3:47  Probe  
  46  3:49  Phoenix  
  46  3:51  Probe  
  49  3:58  Gateway  
  49  3:59  Probe  
  50  4:04  Probe  
  51  4:10  Pylon  
  51  4:12  Probe  
  51  4:13  Assimilator  
  51  4:14  Phoenix  
  54  4:20  Pylon  
  54  4:28  Probe  
  54  4:30  Immortal (Chrono Boost)  
  55  4:34  Probe  
  55  4:37  Zealot  
  55  4:38  Assimilator  
  62  4:39  Zealot  
  62  4:40  Probe  
  65  4:48  Pylon  
  65  4:50  Robotics Bay  
  65  4:53  Forge  
  65  4:59  Pylon  
  65  5:05  Immortal (Chrono Boost)  
  65  5:07  Probe  
  70  5:18  Nexus  
  70  5:22  Pylon  
  70  5:25  Zealot  
  72  5:32  Shield Battery  
  72  5:33  Zealot  
  74  5:35  Stalker  
  74  5:40  Phoenix (Chrono Boost)  
  78  5:47  Stalker  
  68  6:00  Stalker x2  
  68  6:03  Phoenix  
  70  6:06  Probe x2  
  72  6:11  Zealot  
  72  6:14  Disruptor (Chrono Boost)  
  77  6:21  Probe  
  77  6:25  Gateway  
  77  6:26  Zealot x2  
  74  6:50  Probe  
Show
View Real Time Build Order
Export as new Build Order

CoffeeMs Terran - Winner!

Build Orders: Reaper Expand 

Get SALT Encoding   

  12  0:00  SCV  
  13  0:12  SCV  
  14  0:17  Supply Depot  
  14  0:24  SCV  
  15  0:39  SCV, Barracks  
  16  0:43  Refinery  
  16  0:51  SCV  
  17  1:03  SCV  
  18  1:15  SCV  
  19  1:27  Reaper, Orbital Command  
  20  1:45  Command Center  
  20  1:52  SCV  
  21  1:55  Supply Depot  
  21  2:00  Marine  
  22  2:08  SCV  
  22  2:14  Factory  
  23  2:21  Marine, Bunker  
  24  2:24  SCV  
  25  2:35  Barracks  
  25  2:38  SCV  
  25  2:42  Refinery  
  25  2:43  Barracks Reactor  
  26  2:50  SCV  
  27  2:59  Orbital Command, Factory Tech Lab  
  27  3:02  SCV  
  28  3:10  Barracks  
  28  3:14  SCV  
  29  3:21  Cyclone  
  29  3:25  Marine x2  
  34  3:28  Barracks Tech Lab  
  34  3:29  SCV  
  34  3:33  SCV  
  36  3:46  Marine x3  
  36  3:47  Stimpack  
  39  3:50  SCV x2  
  41  3:56  Supply Depot  
  41  4:01  Siege Tank  
  44  4:03  Barracks Tech Lab  
  44  4:06  Marine x2  
  46  4:10  Marine  
  46  4:15  Supply Depot  
  46  4:18  SCV x2  
  46  4:21  Marine, Combat Shield  
  49  4:24  Marine  
  49  4:31  SCV  
  51  4:32  Supply Depot  
  50  4:39  Marine x2  
  50  4:42  Siege Tank  
  50  4:45  SCV x2  
  57  4:47  Supply Depot  
  57  4:48  Marine x2  
  59  4:54  Supply Depot  
  59  4:57  SCV x2  
  59  4:59  Marine  
  61  5:00  Marine  
  61  5:06  Refinery, Engineering Bay  
  63  5:10  Marine x2  
  63  5:12  SCV  
  63  5:13  SCV  
  67  5:14  Siege Tank  
  70  5:25  Marine x2  
  70  5:28  SCV x2  
  74  5:30  Marine x2  
  76  5:40  SCV x2  
  76  5:41  Supply Depot  
  78  5:43  Marine x2, Starport  
  71  6:00  Marine  
  71  6:03  Marine x2, Siege Tank  
  74  6:05  Bunker  
  74  6:07  Bunker  
  74  6:08  Marine  
  74  6:11  Missile Turret  
  75  6:13  SCV  
  75  6:18  Marine, Missile Turret  
  76  6:19  SCV  
  76  6:20  Marine  
  76  6:21  Marine  
  81  6:25  SCV  
  81  6:29  Marine  
  81  6:31  SCV  
  82  6:36  Marine  
  82  6:37  SCV  
  82  6:38  Marine x2  
  82  6:39  Starport Reactor  
  85  6:40  Siege Tank  
  88  6:47  Marine  
  86  6:54  Marine  

Tags
 
Add a new tag
Caveats
  • Supply blocks, unpowered buildings, or Contaminate may cause inaccurate times.
  • Supply counts are checked every 10 seconds.